[Event "Silver Lake Festival 2022"]
[Site "Veliko Gradiste"]
[Date "2022.06.25"]
[Round "8.7"]
[White "Ramoutar, Alan-Safar"]
[Black "Arias Gaviria, Mario Alexis"]
[Result "0-1"]
[ECO "C26"]
[WhiteElo "2477"]
[BlackElo "2181"]
[Annotator "TA"]
[PlyCount "130"]
[EventDate "2022.06.16"]
[EventType "swiss"]
[EventCountry "SRB"]
[SourceTitle "playchess.com"]
[Source "ChessBase"]
[SourceQuality "1"]
[TimeControl "5400+30"]

1. e4 e5 2. Nc3 Nf6 3. d4 exd4 4. Qxd4 Nc6 5. Qd3 Bc5 6. Bf4 {[%emt 0:00:14] C26: Vienna Game: 2...Nf6, sidelines .} d6 7. Qd2 O-O 8. O-O-O {[%emt 0:00:49] The position is equal.} Be6 9. f3 a6 {[%emt 0:00:58] [#]} 10. Kb1 $146 ({Predecessor:} 10. g4 b5 11. Kb1 Nd7 12. h4 Nde5 13. h5 Bxg1 14. Rxg1 Nxf3 15. Qf2 Nxg1 16. Qxg1 {1-0 (33) Rorrer,G (2202)-Bures,V (2110) Chess.com INT 2021}) 10... b5 11. Nge2 Qb8 (11... b4 $5 12. Nd5 Bxd5 13. exd5 Ne7 $11) 12. Bg5 Nd7 13. Nf4 Re8 14. Nxe6 fxe6 15. h4 Nb6 (15... Nce5 $11) 16. Rh3 (16. Qe1 $14) 16... b4 $1 $36 {[%emt 0:00:51][%mdl 2048] Threatens to win with ...Bd4. Black fights for an advantage.} 17. Ne2 {[%emt 0:02:26] Inhibits Bd4.} Nc4 18. Qc1 (18. Qe1 $1 $11 {remains equal.}) 18... Qb6 $17 19. Ng3 N6e5 20. Bxc4 (20. Nh5 $1 $15) 20... Nxc4 21. Ne2 {[%emt 0:07:43][%cal Og5h6] Against Bd4} d5 22. Rg3 Bf2 $1 23. Bf6 (23. Rh3 $17 {was worth a try.}) 23... Be3 $2 (23... Bxg3 $19 {has better winning chances.} 24. Qg5 Re7 $3 ) 24. Bxg7 {[%emt 0:02:33] aiming for Bd4+.} Bxc1 {[%emt 0:07:59] Active counter play!} (24... Na3+ 25. bxa3 bxa3+ 26. Qb2 $1 (26. Bb2+ $2 Kf7 $19) 26... axb2 27. Bd4+ Kf8 28. Bxb6 Bxb6 29. Nd4 $16 (29. Kxb2 Rab8 $14)) (24... Kf7 $5 25. Bd4 Bxc1 26. Bxb6 Bxb2 27. Bxc7 Bf6 $11) 25. Bd4+ Kf7 26. Bxb6 Bxb2 27. Bc5 (27. Bxc7 $15 Bf6 28. e5 Na3+ 29. Kb2) 27... Bf6 28. Nf4 (28. Bd4 $17) 28... Be5 ({Black should try} 28... Nb2 $1 $19 29. Rh1 Na4) 29. Rg4 $15 Rg8 {[%emt 0:04:08] The board is on fire.} 30. exd5 $2 (30. Nd3 $11 {and White has nothing to worry.} Rxg4 31. Nxe5+ Nxe5 32. fxg4) 30... Rxg4 $19 31. dxe6+ Ke8 32. fxg4 {[%emt 0:00:19] Black must now prevent g3.} Bxf4 (32... Na3+ $19 33. Kc1 Bxf4+ 34. Kb2 Bd6 35. Bxd6 cxd6) 33. Rd7 $15 {[%emt 0:00:35] And now Re7+ would win.} Rd8 (33... Nd2+ $15 34. Kb2 Be5+ 35. Bd4 (35. Kc1 Ne4 $17) 35... Bxd4+ 36. Rxd4 Rd8 37. Rxb4 Ke7) 34. Re7+ $11 Kf8 35. Rd7+ Ke8 36. Re7+ Kf8 37. Rf7+ {[%emt 0:00:23] Black keeps a firm grip on the game.} (37. Rd7+ $11 Ke8) 37... Kg8 $17 38. Rd7 {[%emt 0:00:14] Prevents Rd1+.} (38. c3 $17 {keeps fighting.} Be5 39. Rd7 (39. cxb4 Re8 $17)) 38... Re8 $19 39. e7 Bd6 40. Bxd6 cxd6 {[%emt 0:00:01][%mdl 4096] Endgame KRN-KR} (40... Nxd6 41. Kb2 $17) 41. c3 bxc3 42. Kc2 Kf7 43. Kxc3 {[%emt 0:00:10] [#]} Na3 44. Kb3 $2 (44. Kd3 $17) 44... Nb5 45. a4 {[%emt 0:00:05] [#]} Ke6 $1 ({And not} 45... Rxe7 46. Rxe7+ Kxe7 47. axb5 axb5 48. Kb4 $11) ({Inferior is} 45... Nd4+ 46. Kc4 Nc2 47. Rxd6 $15) 46. Rd8 (46. Rb7 $19 Nd4+ 47. Kc4) 46... Nc7 47. g5 Kxe7 48. Rxe8+ Kxe8 {[%emt 0:00:03] KN-KP} 49. Kc4 a5 50. h5 Kf7 {[%emt 0:00:06] ( -> ...Ke6)} 51. g4 Ke7 {[%emt 0:01:10] Black mates.} 52. Kd3 d5 53. Kd4 Kd6 54. g6 Ne6+ 55. Ke3 hxg6 56. hxg6 {[%emt 0:00:30] KN-K3P} Ke5 57. g5 Ng7 58. Kd3 Nf5 59. Kd2 Kd4 60. Ke2 Kc3 61. Kf3 d4 62. Kf4 Ng7 63. Ke5 d3 64. Kf6 Nh5+ 65. Kf7 d2 {[%emt 0:00:02] Weighted Error Value: White=0.68/Black=0.24 (precise)} 0-1

[Event "Silver Lake Festival 2022"]
[Site "Veliko Gradiste"]
[Date "2022.06.25"]
[Round "8.8"]
[White "Tadic, Stefan"]
[Black "Furman, Boris"]
[Result "1/2-1/2"]
[ECO "B64"]
[WhiteElo "2358"]
[BlackElo "2121"]
[Annotator "TA"]
[PlyCount "98"]
[EventDate "2022.06.16"]
[EventType "swiss"]
[EventCountry "SRB"]
[SourceTitle "playchess.com"]
[Source "ChessBase"]
[SourceQuality "1"]
[TimeControl "5400+30"]

1. e4 c5 2. Nf3 Nc6 3. d4 cxd4 4. Nxd4 Nf6 5. Nc3 d6 6. Bg5 e6 7. Qd2 Be7 8. O-O-O O-O 9. f4 d5 10. e5 Nd7 11. h4 {[%emt 0:00:15] B64: Sicilian: Richter-Rauzer: 7...Be7 8 0-0-0 0-0 9 f4 without 9...Nxd4.} Nxd4 12. Qxd4 f6 13. exf6 {[%emt 0:32:21] White is slightly better.} Nxf6 {[%emt 0:00:38] [#]} 14. Be2 $146 ({Predecessor:} 14. g3 h6 15. Qd3 a5 16. Bg2 a4 17. a3 Qb6 18. g4 Ra5 19. Bxf6 Bxf6 20. g5 Bxc3 21. Qxc3 {½-½ (39) Lefebvre,A (2315)-Van Tricht,M (2384) ICCF email 2015}) 14... h6 15. Kb1 Qa5 ({Less strong is} 15... hxg5 16. hxg5 a6 17. gxf6 Bxf6 18. Qd3 Bxc3 19. Qxc3 $16 (19. Qh7+ Kf7 $16)) 16. Qd3 {[%emt 0:05:03][%cal Od3g6] Black must now prevent Qg6! White is more active.} Bb4 (16... hxg5 $2 17. hxg5 Kf7 18. gxf6 Bxf6 19. Bh5+ Ke7 20. Ne4 $1 $18 ) 17. Bxf6 Rxf6 18. Nb5 Bd7 19. Rhf1 Bxb5 20. Qxb5 Qxb5 21. Bxb5 Raf8 22. g3 g5 23. fxg5 Rxf1 24. Bxf1 hxg5 $11 {[%emt 0:00:20][%mdl 4096] Endgame KRB-KRB} 25. Bh3 Re8 26. hxg5 Bc5 27. c3 Kg7 28. Rf1 e5 29. Bf5 e4 30. Rh1 e3 (30... Re5 $11 {was preferrable.} 31. Rf1 e3) 31. Bd3 $14 Bd6 {[%emt 0:09:30] [#]} (31... e2 $14 32. Re1 d4) 32. Rh7+ $1 $16 Kg8 {[%emt 0:00:20] [#]} 33. Rd7 $1 Bxg3 34. Be2 Re5 35. Rxb7 Rxg5 36. Rxa7 Be5 37. Kc2 d4 38. cxd4 Bxd4 39. Ra4 Bb6 (39... Rc5+ $16 {is a better defense.} 40. Rc4 Rxc4+ 41. Bxc4+ Kf8) 40. Rg4 (40. b4 $18) 40... Rxg4 41. Bxg4 {[%emt 0:00:00] Hoping for b4. KB-KB} Kf7 42. Kc3 Ke7 43. Kc4 Kd6 44. Kb5 Kc7 45. b4 {[%emt 0:01:43] Threatens to win with Ka6.} Kb7 46. a4 Ka7 47. Kc6 Bd8 48. a5 (48. Be2 $16) 48... Bxa5 $1 $11 49. bxa5 {[%emt 0:00:02] White threatens Be2 and mate.} Ka6 {[%emt 0:00:08] Weighted Error Value: White=0.11 (very precise) /Black=0.08 (flawless)} 1/2-1/2

[Event "Silver Lake Festival 2022"]
[Site "Veliko Gradiste"]
[Date "2022.06.25"]
[Round "8.9"]
[White "Efremov, Vladislav"]
[Black "Govedarica, Radovan"]
[Result "1/2-1/2"]
[ECO "D52"]
[WhiteElo "2125"]
[BlackElo "2289"]
[Annotator "TA"]
[PlyCount "88"]
[EventDate "2022.06.16"]
[EventType "swiss"]
[EventCountry "SRB"]
[SourceTitle "playchess.com"]
[Source "ChessBase"]
[SourceQuality "1"]
[TimeControl "5400+30"]

1. d4 Nf6 2. c4 e6 3. Nf3 d5 4. Nc3 c6 5. Bg5 Nbd7 6. e3 Qa5 7. Nd2 Bb4 8. Qc2 dxc4 9. Bxf6 Nxf6 10. Nxc4 Qd5 11. O-O-O {[%emt 0:23:17] D52: Queen's Gambit Declined: Cambridge Springs Variation.} Bxc3 12. Qxc3 O-O 13. f3 {[%emt 0:02:06] White is slightly better.} c5 14. e4 cxd4 15. Qxd4 ({Much weaker is} 15. exd5 dxc3 16. Ne3 cxb2+ 17. Kxb2 exd5 18. Nxd5 Nxd5 19. Rxd5 Be6 $17) 15... Qxd4 16. Rxd4 Bd7 {[%emt 0:01:50] [#]} 17. Kb1 $146 ({Predecessor:} 17. Nd6 Bc6 18. Bb5 Bxb5 19. Nxb5 Rfc8+ 20. Kb1 Kf8 21. Ra4 a6 22. Nd6 Rc7 23. Rc1 {½-½ (67) Pelletier,Y (2564)-Pasko,L (2417) Terme Catez 2021}) 17... Rfd8 {[%emt 0:01:28] The position is equal.} 18. Be2 Bb5 19. Rhd1 Rxd4 20. Rxd4 e5 21. Rd2 Bxc4 22. Bxc4 $11 {[%emt 0:00:04][%mdl 4096] Endgame KRB-KRN} Kf8 23. b4 Rc8 24. Bb3 Ke7 25. Kb2 Rc7 26. a4 Ne8 27. Bd5 Nd6 28. Rd1 g6 29. Re1 b6 30. Kb3 a5 31. bxa5 bxa5 32. g3 Nb7 33. Bxb7 Rxb7+ {[%emt 0:00:05] KR-KR} 34. Ka3 Rd7 35. Rb1 f5 36. Rb5 Rd3+ 37. Rb3 Rd2 38. Rb2 Rxb2 39. Kxb2 fxe4 40. fxe4 {[%emt 0:00:04] KP-KP} Kd6 41. Kc2 Kc6 (41... Kc5 $5 42. Kc3 h5 $11) 42. Kd3 {[%emt 0:00:14] [#] Kc4 is the strong threat.} Kc5 {[%emt 0:00:34] ( -> ...Kb4)} (42... g5 $5 43. g4 Kc5 $11) 43. Kc3 h5 44. h4 Kb6 {[%emt 0:00:04] Weighted Error Value: White=0.02 (flawless) /Black=0.01 (flawless)} 1/2-1/2

[Event "Silver Lake Festival 2022"]
[Site "Veliko Gradiste"]
[Date "2022.06.25"]
[Round "8.10"]
[White "Ojas Kulkarni"]
[Black "Petrovic, Dragan R"]
[Result "1/2-1/2"]
[ECO "A26"]
[WhiteElo "2235"]
[BlackElo "2143"]
[Annotator "TA"]
[PlyCount "55"]
[EventDate "2022.06.16"]
[EventType "swiss"]
[EventCountry "SRB"]
[SourceTitle "playchess.com"]
[Source "ChessBase"]
[SourceQuality "1"]
[TimeControl "5400+30"]

1. c4 g6 2. g3 Bg7 3. Bg2 e5 4. Nc3 d6 5. d3 f5 6. e4 Nf6 7. Nge2 O-O {[%emt 0:06:44] 7...Nc6 is the fancy move.} 8. O-O Nc6 9. Nd5 fxe4 {[%emt 0:04:33] A26: English Opening vs King's Indian with ...Nc6 and d3.} 10. dxe4 {[%emt 0:00:15] [#]} Ng4 $146 ({Predecessor:} 10... Bg4 11. f3 Be6 12. Be3 Qd7 13. Qd2 Rf7 14. b4 Raf8 15. a4 a6 16. b5 Ne7 17. Qd3 {0-1 (36) Obregon,C (2503)-Bortnyk,O (2604) Chess.com INT 2022}) 11. h3 Nh6 {[%emt 0:00:06] White is slightly better.} 12. Be3 Be6 13. Qd2 Nf7 14. Rad1 {[%emt 0:01:38] 0x0.0008616af906dp-1022s more active pieces.} Qd7 15. Kh2 Kh8 16. b3 Rac8 17. Rc1 b6 18. Rfd1 Nb8 19. Rf1 c6 (19... Nc6 $11 {feels stronger.}) 20. Ndc3 c5 21. f4 Nc6 22. Rf2 (22. f5 $14 gxf5 23. exf5 Bxf5 24. Bxc6 Rxc6 25. g4) 22... Nd4 $11 23. Rcf1 Rce8 24. Nd5 Nd8 25. fxe5 {[%emt 0:10:19] [#] Rxf8+ is the strong threat.} dxe5 {[%emt 0:02:28] The position is equal.} 26. Nec3 Rxf2 27. Rxf2 Rf8 {[%emt 0:00:19] Inhibits Nf6.} 28. Rxf8+ {[%emt 0:01:39] Weighted Error Value: White=0.14 (very precise) /Black=0.10 (very precise)} 1/2-1/2

[Event "Silver Lake Festival 2022"]
[Site "Veliko Gradiste"]
[Date "2022.06.25"]
[Round "8.11"]
[White "Creanga, Robert-Ionut"]
[Black "Shoshin, Kirill"]
[Result "1-0"]
[ECO "D47"]
[WhiteElo "2201"]
[BlackElo "1938"]
[Annotator "RC"]
[PlyCount "89"]
[EventDate "2022.06.16"]
[EventType "swiss"]
[EventCountry "SRB"]
[SourceTitle "playchess.com"]
[Source "ChessBase"]
[SourceQuality "1"]
[TimeControl "5400+30"]

1. d4 Nf6 2. c4 e6 3. Nf3 d5 4. Nc3 c6 5. e3 Nbd7 6. Bd3 dxc4 7. Bxc4 b5 8. Bd3 Bb7 9. e4 b4 10. Na4 c5 11. e5 Nd5 12. O-O cxd4 13. Re1 g6 14. Bg5 Qa5 15. Nxd4 a6 16. Bd2 Bg7 17. a3 Nxe5 18. Be4 O-O 19. axb4 Qc7 20. Rc1 Qe7 21. Nc5 Nd3 22. Nf5 gxf5 23. Bxd3 Rad8 24. Qb3 Ba8 25. Bxf5 Qf6 26. Be4 Kh8 27. Qh3 h6 28. Bxd5 Rxd5 29. Bc3 Qg6 30. Nxe6 fxe6 31. Rxe6 Bf6 32. Rxf6 Rxf6 33. f3 Kh7 34. Qc8 Rg5 35. Qxa8 Rxg2+ 36. Kh1 Rxh2+ 37. Kxh2 Qh5+ 38. Kg3 Rg6+ 39. Kf2 Qh2+ 40. Ke3 Re6+ 41. Kd3 Qe2+ 42. Kd4 Qe3+ 43. Kc4 Qxc1 44. Qh8+ Kg6 45. Qg7+ 1-0

[Event "Silver Lake Festival 2022"]
[Site "Veliko Gradiste"]
[Date "2022.06.25"]
[Round "8.12"]
[White "Papaioannou, Dimitrios"]
[Black "Martic, Ivan"]
[Result "0-1"]
[ECO "C88"]
[WhiteElo "2078"]
[BlackElo "2314"]
[Annotator "TA"]
[PlyCount "66"]
[EventDate "2022.06.16"]
[EventType "swiss"]
[EventCountry "SRB"]
[SourceTitle "playchess.com"]
[Source "ChessBase"]
[SourceQuality "1"]
[TimeControl "5400+30"]

1. e4 e5 2. Nf3 Nc6 3. Bb5 a6 4. Ba4 Nf6 5. O-O Be7 6. Re1 b5 7. Bb3 d6 8. a4 b4 9. d4 O-O 10. dxe5 Nxe5 11. Nxe5 {[%emt 0:00:00] C88: Closed Ruy Lopez: Anti-Marshall Systems.} dxe5 12. Qf3 Bb7 13. Nd2 {[%emt 0:00:00] White is slightly better.} Bc5 {[%emt 0:00:00] [#]} 14. a5 $146 ({Predecessor:} 14. Bc4 a5 15. Bd3 Qe7 16. Nc4 Rfd8 17. Bg5 h6 18. Bxf6 Qxf6 19. Qxf6 gxf6 20. b3 {1-0 (52) Warmerdam,M (2476)-Svane,R (2615) Chess.com INT 2019}) 14... Kh8 15. Qe2 Qd4 16. h3 (16. Bc4 $5 ) 16... Rad8 17. Bc4 Ba7 18. Bd3 Qd6 19. Nc4 Qe6 20. Ra4 Bc5 21. Ra2 (21. Be3 $5 Be7 22. Bd2 $11) 21... g5 22. Bxg5 (22. Be3 $142 Bxe3 23. Qxe3) 22... Rg8 $11 23. h4 {[%emt 0:03:10] [#]} (23. Bh4 $1 $11 {and White has nothing to worry.}) 23... Rg6 (23... Ng4 $19 {has better winning chances.} 24. Bxd8 Bxf2+ 25. Kh1 Rxd8) 24. Qf3 $17 h6 25. Be3 Be7 {[%emt 0:00:39][%cal Ob4b3] ...b3! is the strong threat. Black is more active.} 26. Qf5 $2 {[%emt 0:00:26][%mdl 8192] [#]} (26. Ra4 $15) 26... Rxg2+ $3 {[%emt 0:00:34][%cal Bg6g2,Bg2h2,Bh2c2][%mdl 544] Black is clearly winning.} 27. Kf1 {[%emt 0:00:01] Hoping for Qxe6.} Qxf5 28. exf5 Ng4 {[%emt 0:00:53] ( -> ...Bf3)} 29. Nd2 {[%emt 0:02:20] Inhibits Bf3.} b3 30. Raa1 bxc2 31. Ne4 Rh2 32. Bxc2 Nxe3+ 33. fxe3 Rxc2 {[%emt 0:00:11] Weighted Error Value: White=0.94/Black=0.34} 0-1

[Event "Silver Lake Festival 2022"]
[Site "Veliko Gradiste"]
[Date "2022.06.26"]
[Round "9.1"]
[White "Mohammad Nubairshah Shaikh"]
[Black "Krstulovic, Alex"]
[Result "1-0"]
[ECO "A16"]
[WhiteElo "2443"]
[BlackElo "2413"]
[Annotator "TA"]
[PlyCount "139"]
[EventDate "2022.06.16"]
[EventType "swiss"]
[EventCountry "SRB"]
[SourceTitle "playchess.com"]
[Source "ChessBase"]
[SourceQuality "1"]
[TimeControl "5400+30"]

1. Nf3 Nf6 2. c4 g6 3. Nc3 Bg7 4. e4 e5 {[%emt 0:00:07] [#]} 5. b4 $146 ({Predecessor:} 5. Nxe5 O-O 6. Nf3 Re8 7. Bd3 b5 8. O-O bxc4 9. Bxc4 Nxe4 10. Nxe4 d5 11. d3 dxc4 12. dxc4 Qxd1 13. Rxd1 {½-½ (52) Ding,L (2806)-Mamedyarov,S (2759) chess24.com INT 2022}) 5... O-O 6. Bb2 {[%emt 0:00:19] A16: English Opening: 1...Nf6 with ...d5.} (6. Nxe5 d6 7. Nf3 Nxe4 $1 $17 ) (6. d4 exd4 7. Nxd4 Nxe4 8. Nxe4 Qe7 $17) 6... c6 7. Qb3 d5 (7... a5 $17 {White must now prevent ...axb4.} 8. b5 (8. Nxe5 $2 axb4 9. Qxb4 Re8 $19) 8... a4) 8. d3 (8. cxd5 $11 cxd5 9. exd5 (9. Nxd5 Nxe4 10. Bd3 Nxf2 $17)) 8... d4 9. Ne2 ({White should play} 9. Na4) 9... Qc7 10. g3 a5 11. a3 axb4 12. axb4 (12. Bg2 $17) 12... Rxa1+ $19 13. Bxa1 Na6 ({Weaker is} 13... Bg4 14. Bg2 $17) 14. Bb2 Nd7 ({And not} 14... Bg4 15. Bg2 $17) 15. Bg2 {[%emt 0:02:00] [#]} Qb6 $1 {[%emt 0:04:10] Threatens to win with ...Ndc5.} 16. Ba3 Ndc5 $1 17. Qb1 {[%emt 0:01:09] [#]} Nxb4 $1 18. O-O Nca6 19. Ne1 Re8 20. f4 Qa5 21. Qb3 c5 22. Nf3 f6 23. Kh1 (23. Ra1 $17) 23... Bd7 24. Ra1 Ra8 25. Bb2 Qb6 26. Bc1 Nc7 27. Rxa8+ Nxa8 28. Bd2 Nc7 29. Neg1 Qa5 30. Bh3 Qa4 31. Qb1 Bxh3 (31... Be8 $142 32. fxe5 fxe5) 32. Nxh3 $17 Qc2 33. Qxc2 Nxc2 34. fxe5 fxe5 35. Kg2 Nb4 36. Nf2 Nc6 37. Kf1 b5 38. cxb5 Nxb5 39. Ke2 Nd6 40. Bc1 Nb5 41. Bd2 $1 Nd6 42. Bc1 c4 (42... h5 $17) 43. dxc4 $11 Nxc4 44. Kd3 Nb6 (44... N6a5 $15) 45. Ba3 $1 Nd7 46. Kc4 Bf8 (46... Nd8 $11 {remains equal.}) 47. Kd5 $16 Bxa3 ({Better is} 47... Nd8 48. Bxf8 Kxf8) 48. Kxc6 {[%emt 0:00:02][%mdl 4096] Endgame KBN-KNN} Nf6 49. Nxe5 Bc1 (49... Kf8 $16) 50. Nd7 (50. Ned3 $18 {and White stays clearly on top.} Ba3 51. e5) 50... Kg7 51. e5 Nh5 (51... Nxd7 $16 {was necessary.} 52. Kxd7 Kf8) 52. Nd3 $18 Bg5 53. Kd5 (53. N7c5 $18 {is more deadly.}) 53... Kf7 $16 54. Kxd4 Ke7 55. Nb6 Ng7 56. Nd5+ Ke6 57. Ke4 Bd8 58. N5f4+ Kf7 59. g4 Bb6 60. Kd5 {[%emt 0:00:28] Hoping for Kd6.} g5 (60... Bg1 {might work better.}) 61. Ne2 (61. Nh5 $18 Ne6 62. Nf6) 61... Ke7 $2 (61... h5 $16) 62. Nc5 $18 h5 $2 {[%emt 0:00:19] [#]} (62... Bxc5 63. Kxc5 Ne8) 63. h3 $1 hxg4 64. hxg4 {[%emt 0:00:02] And now Nd4 would win.} Ne8 65. Nd4 Bc7 66. Ne4 Kd7 67. Nf6+ (67. e6+ $142 Kc8 68. Nf5) 67... Nxf6+ 68. exf6 {[%emt 0:00:02] White mates.} Ba5 69. f7 Bb4 70. Ne6 {[%emt 0:00:03] White used his chance.  Weighted Error Value: White=0.17 (very precise) /Black=0.26 (precise)} 1-0

[Event "Silver Lake Festival 2022"]
[Site "Veliko Gradiste"]
[Date "2022.06.26"]
[Round "9.2"]
[White "Song, Raymond"]
[Black "Strikovic, Aleksa"]
[Result "1-0"]
[ECO "C41"]
[WhiteElo "2485"]
[BlackElo "2502"]
[Annotator "TA"]
[PlyCount "65"]
[EventDate "2022.06.16"]
[EventType "swiss"]
[EventCountry "SRB"]
[SourceTitle "playchess.com"]
[Source "ChessBase"]
[SourceQuality "1"]
[TimeControl "5400+30"]

1. d4 d6 2. e4 Nf6 3. Nc3 e5 4. Nf3 Nbd7 5. Bc4 Be7 6. O-O O-O 7. a4 c6 8. Re1 a5 9. h3 Nb6 {9...Nb6 scores better than 9...exd4. C41: Philidor Defence.} 10. Ba2 Nfd7 11. dxe5 dxe5 {White has an edge.} 12. Be3 Qc7 13. Ng5 {[#] Hoping for Nxf7.} Bxg5 (13... Nf6 $1 $11) 14. Bxg5 $16 Nc5 $1 15. Be3 $36 {[%mdl 2048] White is pushing.} Qe7 16. Qh5 Nbd7 {[#]} 17. Rad1 $146 ({Predecessor:} 17. Bg5 Nf6 18. Bh4 Re8 19. Rad1 h6 20. Qf3 Be6 21. Bxe6 Qxe6 22. Rd2 Rad8 23. Red1 Rxd2 24. Rxd2 {0-1 (64) Igonin,T (2074)-Akhmetov,A (2382) Kocaeli 2013}) 17... Nf6 18. Qg5 h6 19. Qg3 Kh7 20. f3 Nh5 21. Qf2 Na6 (21... Ne6 $142) 22. Bc4 Re8 23. g4 Nf6 24. h4 (24. f4 $142) 24... Nd7 25. g5 {White is much more active.} Ndc5 26. f4 {[%cal Bf3f4,Bf4f5][%mdl 32] [#] Threatens to win with f5.} Be6 (26... Bg4 {was necessary.}) 27. Bxa6 $18 Nxa6 28. f5 ({Less strong is} 28. fxe5 Bg4 $14) 28... Bd7 29. Kh2 Red8 30. Rg1 {And now gxh6 would win.} hxg5 (30... Rg8 31. g6+ fxg6) 31. hxg5 {[%emt 0:19:37] White is clearly winning.} Be8 32. Qh4+ Kg8 33. Kg3 {[%emt 0:00:30] Weighted Error Value: White=0.06 (flawless) /Black=0.27 (precise)} 1-0

[Event "Silver Lake Festival 2022"]
[Site "Veliko Gradiste"]
[Date "2022.06.26"]
[Round "9.3"]
[White "Arias Gaviria, Mario Alexis"]
[Black "Stremavicius, Titas"]
[Result "0-1"]
[ECO "B22"]
[WhiteElo "2181"]
[BlackElo "2508"]
[Annotator "TA"]
[PlyCount "114"]
[EventDate "2022.06.16"]
[EventType "swiss"]
[EventCountry "SRB"]
[SourceTitle "playchess.com"]
[Source "ChessBase"]
[SourceQuality "1"]
[TimeControl "5400+30"]

1. e4 c5 2. c3 d5 3. exd5 Qxd5 4. d4 Nf6 5. Nf3 e6 6. Be2 Be7 7. Be3 {[%emt 0:01:21] B22: Sicilian: 2 c3.} cxd4 8. cxd4 Qa5+ 9. Nc3 {[%emt 0:00:31] [#] The position is equal.} Nd5 $146 ({Predecessor:} 9... O-O 10. O-O Nc6 11. a3 Nd5 12. Bd2 Qd8 13. b4 Bf6 14. Nxd5 Qxd5 15. Be3 a6 16. Qc2 g6 17. Rfd1 Bd7 18. Rac1 Rac8 19. Bc4 Qh5 20. Qa2 Ne7 {1-0 (33) Dominguez Pons,E (2211)-Gardela Batlle,J (2228) Barcelona 2009}) 10. Bd2 {[%emt 0:00:17] [#] Black must now prevent Bb5+.} O-O 11. O-O Nc6 12. Qb3 Nxc3 13. bxc3 Bf6 14. Rfd1 Qf5 15. Be3 b6 16. Qb1 Qxb1 17. Raxb1 Bb7 18. c4 Ba6 19. Kf1 Rfc8 20. Rdc1 Rd8 21. Rd1 Rac8 22. c5 Bxe2+ 23. Kxe2 Ne7 24. cxb6 axb6 25. Rdc1 Nd5 {[%emt 0:00:22] And now ...Nc3+ would win.} 26. Rxc8 Rxc8 27. Bd2 Ra8 28. Rb2 h6 29. Kd3 g5 30. h3 Ra4 {[%emt 0:01:48] Black is more active.} 31. Ne5 Bxe5 32. dxe5 $15 {[%emt 0:00:02][%mdl 4096] Endgame KRB-KRN} Kg7 33. Be3 Ra6 34. Kc4 Kg6 35. Kb5 Ra5+ 36. Kc6 $1 b5 37. g4 b4 38. Bd2 $1 h5 39. Be3 $2 (39. gxh5+ $11 {and White is okay.} Kxh5 40. Kd6) 39... h4 $2 (39... Nxe3 $19 {has better winning chances.} 40. fxe3 Rxe5 41. Rxb4 Rxe3) 40. Bd2 $2 {[%emt 0:05:15][%mdl 8192] Now White is beyond hope.} (40. Kd6 $17) 40... Ra3 $19 41. Be3 $2 (41. Kd7) 41... Nxe3 42. fxe3 Rxe3 43. Rxb4 Rxh3 {[%emt 0:00:00] aiming for ...Rg3. KR-KR} 44. a4 Re3 45. a5 Rxe5 46. Ra4 h3 {[%emt 0:00:00] Hoping for ...h2.} 47. Kb6 h2 48. Ra1 Re2 {[%emt 0:00:00] Strongly threatening ...Rb2+.} 49. a6 {[%emt 0:00:21] [#]} Rb2+ $1 ({Weaker is} 49... Ra2 50. Rh1 $11) 50. Ka7 f5 {[%emt 0:00:00][%cal Bf7f5,Bf5g4,Bg4g3,Bg3g2][%mdl 32] Black mates.} 51. Ka8 fxg4 52. a7 g3 53. Rf1 Rf2 54. Re1 Rf8+ 55. Kb7 g2 56. Rxe6+ Kh5 57. Rf6 h1=Q {[%emt 0:00:00] Weighted Error Value: White=0.73/Black=0.09 (flawless)} 0-1